 Dungeon Sprint DCSS version 0.30-a0-137-gd8773701ce (webtiles) character file.

Game seed: 14818905086081014918

541 Pilot the Shield-Bearer (level 7, -1/76 HPs)
             Began as a Troll Fighter on Sept 22, 2022.
             Was an Initiate of Gozag.
             Slain by a two-headed ogre
             ... wielding a +0 giant club
              (15 damage)
             ... in the Dungeon (Sprint IX: "|||||||||||||||||||||||||||||").
             The game lasted 00:03:54 (127 turns).

Pilot the Shield-Bearer (Troll Fighter)              Turns: 127, Time: 00:03:54

Health: -1/76      AC: 14    Str: 27    XL:     7   Next: 5%
Magic:  6/6        EV: 12    Int:  4    God:    Gozag
Gold:   0          SH:  9    Dex:  9    Spells: 6/6 levels left

rFire   . . .      SeeInvis .    m - +2 morningstar (protect)
rCold   . . .      Faith    .    b - +0 kite shield
rNeg    . . .      Spirit   .    a - +0 robe
rPois   .          Reflect  .    (helmet restricted)
rElec   .          Harm     .    n - +0 cloak
rCorr   .          Rampage  .    (gloves unavailable)
Will    .....      NoTele   +    (boots unavailable)
Stlth   +.........               (no amulet)
HPRegen 1.02/turn                p - +2 ring of protection
MPRegen 0.10/turn                o - +2 ring of evasion

@: gold aura, under a protective aura
A: large, unfitting armour, claws 3, regeneration 1, shaggy fur 1, tough skin 1
a: Renounce Religion, Potion Petition, Call Merchant, Bribe Branch


You were in the Dungeon.
You worshipped Gozag.
Gozag was noncommittal.
You visited 1 branch

Inventory:

Hand Weapons
 m - a +2 morningstar of protection (weapon)
Armour
 a - a +0 robe (worn)
 b - a +0 kite shield (worn)
 n - a +0 cloak (worn)
Jewellery
 o - a +2 ring of evasion (right claw)
 p - a +2 ring of protection (left claw)
Wands
 l - a wand of light (7)
Scrolls
 i - 2 scrolls of blinking
 k - 2 scrolls of amnesia
Potions
 c - a potion of might
 d - 3 potions of curing
 f - a potion of haste
 g - 4 potions of magic
 h - a potion of berserk rage
 j - a potion of invisibility


   Skills:
 + Level 6.6 Fighting
 + Level 4.6 Maces & Flails
 + Level 7.2 Dodging
 + Level 1.0 Stealth
 + Level 7.5 Shields
 - Level 4.1 Unarmed Combat
 - Level 1.1 Evocations


You had 6 spell levels left.
You didn't know any spells.
Your spell library was empty.

Dungeon Overview and Level Annotations

Branches:
Dungeon (1/1)

Altars:
Cheibriados
Dithmenos
Elyvilon
Fedhas
Gozag
Hepliaklqana
Kikubaaqudgha
Makhleb
Nemelex Xobeh
Okawaru
Qazlal
Ru
Sif Muna
Trog
Uskayaw
Vehumet
Wu Jian
Xom
Yredelemnul
Zin
The Shining One
Jiyva
Lugonu


Innate Abilities, Weirdness & Mutations

You are too large for most types of armour.
You have claws for hands.
Your natural rate of healing is unusually fast.
You are covered in fur. (AC +1)
You have tough skin. (AC +1)


Message History

You barely miss the troll.
The troll is almost dead.
The troll closely misses you. x2; The troll claws you but does no damage.
You impale the troll!!
You kill the troll!
The yak is no longer blind.
The yak gores you!
Your Fighting skill increases to level 6!
Your Maces & Flails skill gained 3 levels and is now at level 3!
Your Dodging skill increases to level 6!
Your Shields skill increases to level 7!
Your Evocations skill increases to level 1!
You have reached level 6!
You feel stronger.
You hit the yak but do no damage.
The yak is severely wounded.
The yak misses you.
You closely miss the yak.
The yak is severely wounded.
The yak gores you. The yak misses you.
You puncture the yak!
The yak is almost dead.
The two-headed ogre is no longer blind.
The yak gores you but does no damage.
You sock the yak!
You kill the yak!
Your Maces & Flails skill increases to level 4!
Your Dodging skill increases to level 7!
Your Stealth skill increases to level 1!
You have reached level 7!
You puncture the two-headed ogre!
The two-headed ogre is moderately wounded.
The two-headed ogre hits you with a +0 giant club!!
* * * LOW HITPOINT WARNING * * *
The two-headed ogre hits you with a +0 giant spiked club!
* * * LOW HITPOINT WARNING * * *
You feel better.
The two-headed ogre hits you with a +0 giant club.
* * * LOW HITPOINT WARNING * * *
The two-headed ogre hits you with a +0 giant spiked club!
You die...
Your body crumbles into a pile of gold. $$$$$ $ $ $ $$$$$ $$$$$$ $ $ ▓▓▓▓▓▓▓▓▓▓▓▓▓▓▓▓▓▓▓▓▓▓▓▓ ..$..zO@.[.[.)..'_______ ▓▓▓▓▓▓▓▓▓▓▓▓▓▓▓▓▓▓▓▓▓▓▓▓

You could see a two-headed ogre and a wight (blind).

Vanquished Creatures
  A troll (D)
  A yak (D)
  A scorpion (D)
  A killer bee (D)
  A hound (D)
  An orc wizard (D)
  An adder (D)
  A dart slug (D)
  2 orcs (D)
  A hobgoblin (D)
  A quokka (D)
  A ball python (D)
  A kobold (D)
14 creatures vanquished.

Notes
Turn   | Place    | Note
-------+----------+-------------------------------------------
     0 | D        | Pilot the Troll Fighter began the quest for the Orb.
     0 | D        | Reached XP level 1. HP: 22/22 MP: 0/0
    23 | D        | Noticed a hound
    23 | D        | Noticed a scorpion
    26 | D        | Reached XP level 2. HP: 31/31 MP: 1/1
    30 | D        | Killed a scorpion
    31 | D        | Reached XP level 3. HP: 39/39 MP: 2/2
    31 | D        | Reached XP level 4. HP: 48/48 MP: 3/3
    33 | D        | Reached skill level 5 in Shields
    42 | D        | Found a snail-covered altar of Cheibriados.
    42 | D        | Found a shadowy altar of Dithmenos.
    42 | D        | Found a white marble altar of Elyvilon.
    42 | D        | Found a blossoming altar of Fedhas.
    42 | D        | Found an opulent altar of Gozag.
    43 | D        | Found a hazy altar of Hepliaklqana.
    44 | D        | Found a viscous altar of Jiyva.
    45 | D        | Found an ancient bone altar of Kikubaaqudgha.
    46 | D        | Found a corrupted altar of Lugonu.
    47 | D        | Found a burning altar of Makhleb.
    48 | D        | Found a sparkling altar of Nemelex Xobeh.
    49 | D        | Found an iron altar of Okawaru.
    50 | D        | Became a worshipper of Gozag Ym Sagoz the Greedy
    51 | D        | Found a stormy altar of Qazlal.
    52 | D        | Found a sacrificial altar of Ru.
    53 | D        | Found a shimmering blue altar of Sif Muna.
    54 | D        | Found a bloodstained altar of Trog.
    55 | D        | Found a hide-covered altar of Uskayaw.
    56 | D        | Found a radiant altar of Vehumet.
    57 | D        | Found an ornate altar of the Wu Jian Council.
    58 | D        | Found a shimmering altar of Xom.
    59 | D        | Found a basalt altar of Yredelemnul.
    60 | D        | Found a glowing silver altar of Zin.
    61 | D        | Found a glowing golden altar of the Shining One.
    95 | D        | Noticed a two-headed ogre
    95 | D        | Noticed a yak
    95 | D        | Noticed a troll
    97 | D        | Reached skill level 5 in Dodging
    97 | D        | Reached XP level 5. HP: 49/55 MP: 4/4
   107 | D        | Reached skill level 5 in Fighting
   121 | D        | Killed a troll
   122 | D        | Reached skill level 1 in Evocations
   122 | D        | Reached XP level 6. HP: 35/67 MP: 5/5
   125 | D        | Killed a yak
   126 | D        | Reached skill level 1 in Stealth
   126 | D        | Reached XP level 7. HP: 40/76 MP: 6/6
   127 | D        | Slain by a two-headed ogre

Illustrated notes

Levels and vault maps discovered:
D:        linesprint [early_d, line_temple, items_1, d_10, items_2, lair_1,
          lair_end, items_3, orc_1, orc_end, items_4, d_15, swamp_1, shoals_1,
          snake_1, spider_1, d_20, vaults_1, items_5, swamp_end, shoals_end,
          snake_end, spider_end, vaults_end, d_27, items_6, zot_1, zot_end,
          crypt_end, forest_end, elf_end, slime_end, tomb_end, abyss_end,
          pan_hell_end]

Skill      XL: |  1  2  3  4  5  6 |
---------------+-------------------+-----
Shields        | 3 4 5 7 |  7.5
Dodging        | 3 4 5 6 7 |  7.2
Fighting       | 3 4 6 |  6.6
Unarmed Combat | 3 4 |  4.1
Maces & Flails | 3 4 |  4.6
Evocations     | 1 |  1.1
Stealth        | 1 |  1.0

Action                   |  1- 3 |  4- 6 |  7- 9 || total
-------------------------+-------+-------+-------++-------
Melee: Unarmed           |    20 |     5 |       ||    25
       Morningstar       |       |    23 |     1 ||    24
Evoke: Wand              |       |     3 |       ||     3
  Use: Potion            |       |     4 |     1 ||     5
 Stab: Invisible         |       |     1 |       ||     1
Armor: Robe              |     4 |    10 |       ||    14
Dodge: Dodged            |     8 |    31 |       ||    39
Block: Kite shield       |     3 |    27 |       ||    30

Table legend: (Time is in decaauts)
 A = Elapsed time spent in this place.
 B = Non-inter-level travel time spent in this place.
 C = Inter-level travel time spent in this place.
 D = Time resting spent in this place.
 E = Time spent auto-exploring this place.
 F = Levels seen in this place.
 G = Mean time per level.
                   A        B        C        D        E       F      G
               +--------+--------+--------+--------+--------+-----+--------+
         Total |    140 |    104 |     36 |      0 |      0 |   1 |  140.0 |
       Dungeon |    140 |    104 |     36 |      0 |      0 |   1 |  140.0 |
               +--------+--------+--------+--------+--------+-----+--------+

Top non-repeatable levels by time:
       D: 140 daAuts
